 Dungeon Crawl Stone Soup version 0.30.0-19-g36f170ea60 (webtiles) character file.

Game seed: 17033329982552882441

240 BlasphemerAmon the Magician (level 5, -2/35 HPs)
             Began as a Mummy Necromancer on June 1, 2023.
             Slain by a quokka (3 damage)
             ... summoned by Eustachio
             ... on level 4 of the Dungeon.
             The game lasted 00:04:34 (3856 turns).

BlasphemerAmon the Magician (Mummy Necromancer)     Turns: 3856, Time: 00:04:35

Health: -2/35      AC:  4    Str: 11    XL:     5   Next: 80%
Magic:  10/12      EV: 17    Int: 22    God:
Gold:   176        SH:  0    Dex: 13    Spells: 6/14 levels left

rFire   x .          .
                       - Unarmed
rCold   + . .        (no shield)
rNeg    + + +        a - +0 robe
rPois   ∞            (no helmet)
rElec   .            (no cloak)
rCorr   .            g - +1 pair of gloves
SInv    .            (no boots)
Will    .....        (no amulet)
Stlth   ++           c - +5 ring of evasion
HPRegen 0.25/turn    d - +6 ring of intelligence
MPRegen 0.13/turn

%: faith
@: no status effects
A: cold resistance 1, negative energy resistance 3, torment resistance 2, heat
vulnerability 1, in touch with death 1, no potions, faith
a: no special abilities


You were on level 4 of the Dungeon.
You visited 1 branch of the dungeon, and saw 4 of its levels.

You collected 176 gold pieces.

Inventory:

Armour
 a - a +0 robe (worn)
 f - a scarf of invisibility
   (You found it on level 1 of the Dungeon)
 g - a +1 pair of gloves (worn)
   (You found it on level 2 of the Dungeon)
Magical Staves
 k - a staff of conjuration
   (You found it on level 4 of the Dungeon)
Jewellery
 c - a +5 ring of evasion (left hand)
   (You found it on level 1 of the Dungeon)
 d - a +6 ring of intelligence (right hand)
   (You found it on level 3 of the Dungeon)
 h - the ring of Autumn {Fly rPois MP-9 Str+4 Dex+6}
   (You found it on level 2 of the Dungeon)

   [ring of dexterity]

   Str:       It affects your strength (+4).
   Dex:       It affects your dexterity (+6).
   rPois:     It protects you from poison.
   MP:        It affects your magic capacity (-9).
   Fly:       It grants you flight.
Wands
 l - a wand of roots (7)
   (You took it off Ijyb on level 4 of the Dungeon)
Scrolls
 b - a scroll of teleportation {unknown}
 e - 3 scrolls of enchant armour
 i - 4 scrolls of identify {unknown}
 j - a scroll of immolation {unknown}
 m - a scroll of poison {unknown}


   Skills:
 + Level 0.2 Fighting
 + Level 2.2 Dodging
 - Level 1.8 Stealth
 + Level 1.5 Unarmed Combat
 * Level 5.2 Spellcasting
 + Level 5.0 Necromancy


You had 6 spell levels left.
You knew the following spells:

 Your Spells              Type           Power      Damage    Failure   Level
a - Necrotise             Necr           100%       1d9       1%          1
d - Animate Dead          Necr           41%        N/A       12%         4
x - Vampiric Draining     Necr           41%        2d8       3%          3

Your spell library contained the following spells:

 Spells                   Type           Power      Damage    Failure   Level
 Frozen Ramparts          Ice            10%        1d2       30%         3
 Agony                    Necr           41%        N/A       34%         5
 Summon Ice Beast         Ice/Summ       5%         N/A       69%         4
 Ice Form                 Ice/Tmut       Unusable   N/A       N/A         4

Dungeon Overview and Level Annotations

Branches:
Dungeon (4/15)
 Temple: D:4-7

Altars:

Annotations:
D:4 Eustachio


Innate Abilities, Weirdness & Mutations

You are immune to poison.
Your flesh is cold resistant. (rC+)
You are immune to negative energy. (rN+++)
You are immune to unholy pain and torment.
You are vulnerable to heat. (rF-)
You are in touch with the powers of death.
You do not drink.
You have a special connection with the divine. (Faith)


Message History

There is an open door here.
You feel a surge of power!
The river rat writhes in agony.
Eustachio gestures wildly while chanting.
Eustachio blinks!
You now have 11/12 mp.
You feel a surge of power!
The river rat writhes in agony!
The bat completely misses you.
You now have 10/12 mp.
You feel a surge of power!
The bat writhes in agony.
You kill the bat!
The bat's corpse disappears in a puff of smoke!
You now have 9/12 mp.
You feel a surge of power!
The river rat writhes in agony!
You kill the river rat!
The river rat's corpse disappears in a puff of smoke!
You now have 8/12 mp.
You feel a surge of power!
The quokka writhes in agony!
You kill the quokka!
The quokka's corpse disappears in a puff of smoke!
You now have 7/12 mp.
You can't see any susceptible monsters within range! (Use Z to cast anyway.)
You can't see any susceptible monsters within range! (Use Z to cast anyway.)
You can't see any susceptible monsters within range! (Use Z to cast anyway.) Unknown command.
The ufetubus closely misses you.
The ufetubus hits you but does no damage.
The ufetubus hits you. The ufetubus closely misses you. x4
The ufetubus completely misses you.
You take 2 damage, and have 33/35 hp.
You hit the ufetubus.
The ufetubus hits you but does no damage.
The ufetubus hits you.
Eustachio gestures wildly while chanting.
Eustachio blinks!
You hit the iron imp. The ufetubus completely misses you. x2
The ufetubus closely misses you. x2
You hit the iron imp. The ufetubus barely misses you.
The ufetubus hits you but does no damage.
The iron imp closely misses you.
You closely miss the iron imp. The ufetubus completely misses you.
The ufetubus hits you. The ufetubus completely misses you.
The ufetubus misses you. The iron imp closely misses you.
You take 1 damage, and have 32/35 hp.
You hit the iron imp. The ufetubus hits you. The ufetubus barely misses you.
You take 2 damage, and have 30/35 hp.
You hit the iron imp but do no damage. The ufetubus misses you.
The ufetubus barely misses you. The iron imp misses you.
Eustachio gestures wildly while chanting.
The ufetubus barely misses you. x2
You barely miss the iron imp. The iron imp hits you!
The ufetubus barely misses you. The ufetubus misses you.
You take 7 damage, and have 23/35 hp.
You hit the iron imp but do no damage.
The ufetubus hits you but does no damage.
The ufetubus hits you.
The iron imp hits you but does no damage.
You take 1 damage, and have 22/35 hp.
You hit the iron imp but do no damage.
The ufetubus disappears in a puff of smoke!
The ufetubus hits you. The ufetubus barely misses you.
You take 1 damage, and have 21/35 hp.
You hit the iron imp but do no damage. The ufetubus misses you.
The ufetubus closely misses you. The iron imp closely misses you.
You hit the iron imp but do no damage.
The ufetubus disappears in a puff of smoke!
Eustachio casts a spell.
Eustachio blinks!
The iron imp barely misses you.
Your hobgoblin zombie hits the iron imp but does no damage.
The iron imp hits your hobgoblin zombie.
There is an open door here.
The quokka bites your hobgoblin zombie.
Eustachio mumbles some strange words.
Your hobgoblin zombie barely misses the iron imp.
The quokka barely misses your hobgoblin zombie.
The iron imp hits your hobgoblin zombie!
Your hobgoblin zombie is destroyed!
The river rat misses you.
You hit Eustachio but do no damage. Eustachio hits you with a +0 rapier.
The quokka barely misses you. The river rat completely misses you.
You take 6 damage, and have 16/35 hp.
You hit Eustachio but do no damage.
The iron imp disappears in a puff of smoke!
Eustachio completely misses you. The quokka closely misses you.
You hit Eustachio but do no damage.
The river rat bites you but does no damage.
Eustachio casts a spell.
The quokka completely misses you.
You hit Eustachio but do no damage. The quokka closely misses you.
The river rat barely misses you. Eustachio hits you with a +0 rapier.
You take 3 damage, and have 14/35 hp.
You hit Eustachio. The quokka closely misses you.
The river rat barely misses you. Eustachio hits you with a +0 rapier!
* * * LOW HITPOINT WARNING * * *
The quokka barely misses you.
You take 9 damage, and have 5/35 hp.
MASSIVE DAMAGE!!
You hit Eustachio. The river rat misses you.
Eustachio hits you but does no damage. The ufetubus hits you.
* * * LOW HITPOINT WARNING * * *
The ufetubus closely misses you. The quokka bites you.
You die...

. ### # ..#########.####### #.
................. #.. #.####...#
# #... #..'.#.†.# #### #.......
###.#'#.######...
#.#......###r....#..#.......
..........r@@....##+######..
#...####..##5....#...#...#.. #
#.# #.#####.#'#...#+#....
######.# #.'...'.#.......#..#.
....##.########...#####...###....
Z##.......'.#.......#.'...+.#....
.##..######.#'#..Z#'#.#####.#+#..
....†.###.....#...#.....#.....#..
........'.....##'##.....'.....##'


You could see Eustachio, a river rat (summoned), an ufetubus (summoned) and a
quokka (summoned).

Vanquished Creatures
  A scorpion (D:3)
  A sleepcap (D:4)
  Ijyb (D:4)
  4 adders (D:2 D:3 D:4)
  2 worms (D:3 D:4)
  A dart slug (D:4)
  2 orcs (D:3 D:4)
  2 bats (D:1)
  8 endoplasms (D:1 D:2 D:3)
  4 giant cockroaches (D:3 D:4)
  3 goblins (D:2 D:3 D:4)
  4 hobgoblins (D:1 D:2 D:3 D:4)
  8 jackals (D:3 D:4)
  8 kobolds (D:1 D:2 D:3)
  3 quokkas (D:2)
  8 ball pythons (D:1 D:2 D:3 D:4)
  5 frilled lizards (D:1 D:2)
  A rat (D:1)
66 creatures vanquished.

Vanquished Creatures (collateral kills)
  An adder (D:3)
  A goblin (D:2)
  A rat (D:1)
3 creatures vanquished.

Vanquished Creatures (others)
  A hobgoblin zombie (D:4)
1 creature vanquished.

Grand Total: 70 creatures vanquished

Notes
Turn   | Place    | Note
-------+----------+-------------------------------------------
     0 | D:1      | BlasphemerAmon the Mummy Necromancer began the quest for
                  | the Orb.
     0 | D:1      | Reached XP level 1. HP: 13/13 MP: 4/4
   469 | D:1      | Reached XP level 2. HP: 17/19 MP: 3/5
   971 | D:2      | Reached skill level 3 in Spellcasting
  1153 | D:2      | HP: 9/19 [adder (2)]
  1155 | D:2      | Gained mutation: You are in touch with the powers of death.
                  | [Mummy growth]
  1155 | D:2      | Reached XP level 3. HP: 12/24 MP: 1/7
  1279 | D:2      | Found a faded altar of an unknown god.
  1384 | D:2      | Reached skill level 2 in Dodging
  1462 | D:2      | Identified the ring of Autumn {Fly rPois MP-9 Str+4 Dex+6}
  1742 | D:2      | Reached skill level 1 in Unarmed Combat
  1835 | D:3      | Noticed a scorpion
  1841 | D:3      | Killed a scorpion
  1842 | D:3      | Reached skill level 4 in Spellcasting
  1842 | D:3      | Reached XP level 4. HP: 28/30 MP: 1/10
  1851 | D:3      | Learned a level 3 spell: Vampiric Draining
  1856 | D:3      | Learned a level 4 spell: Animate Dead
  1998 | D:3      | HP: 15/30 [worm (4)]
  2005 | D:3      | HP: 9/30 [worm (7)]
  2482 | D:3      | Reached XP level 5. HP: 35/35 MP: 9/11
  3004 | D:4      | Noticed Ijyb
  3018 | D:4      | HP: 12/35 [constriction (6)]
  3021 | D:4      | HP: 5/35 [Ijyb/+0 club (2)]
  3022 | D:4      | Killed Ijyb
  3023 | D:4      | Reached skill level 5 in Spellcasting
  3025 | D:4      | HP: 2/35 [giant cockroach (2)]
  3701 | D:4      | Reached skill level 5 in Necromancy
  3829 | D:4      | Noticed Eustachio
  3851 | D:4      | HP: 16/35 [Eustachio/+0 rapier (6)]
  3855 | D:4      | HP: 5/35 [Eustachio/+0 rapier (9)]
  3856 | D:4      | HP: 1/35 [ufetubus[Eustachio] (4)]
  3856 | D:4      | Slain by a quokka

Illustrated notes

Levels and vault maps discovered:
D:1:      dpeg_arrival_boxorama, layout_loops_ring, chequers_jeans,
          kennysheep_small_spiral, minmay_misc_feat_more_columns
D:2:      layout_basic, ebering_ecumenical_altar_box
D:3:      layout_basic, portal_sewer_entry_d, kennysheep_another_room,
          st_stairs_7, kennysheep_doodads, minmay_misc_feat_diagonals,
          minmay_misc_feat_tower, minmay_strange_pillars
D:4:      nicolae_cairo_tiling_large, layout_rooms,
          mainiacjoe_overflow_large_starburst, nicolae_tso_swordbearing_angel,
          kennysheep_cross_room, uniq_ijyb, uniq_duvessa, uniq_eustachio

Skill      XL: |  1  2  3  4  5 |
---------------+----------------+-----
Spellcasting   | 3 4 5 |  5.2
Dodging        | 2 |  2.2
Unarmed Combat | 1 |  1.5
Necromancy     | 5 |  5.0
Fighting       | |  0.2
Stealth        | |  1.8

Action                     |  1- 3 |  4- 6 || total
---------------------------+-------+-------++-------
  Melee: Unarmed           |   123 |    94 ||   217
         Punch             |     1 |     1 ||     2
   Cast: Necrotise         |    44 |    53 ||    97
         Vampiric Draining |       |     5 ||     5
         Animate Dead      |       |     1 ||     1
    Use: Scroll            |     3 |       ||     3
   Stab: Sleeping          |     2 |     1 ||     3
 Armour: Robe              |    26 |    20 ||    46
  Dodge: Dodged            |   119 |   133 ||   252

Levels and vault maps discovered:
D:1:      dpeg_arrival_boxorama, layout_loops_ring, chequers_jeans,
          kennysheep_small_spiral, minmay_misc_feat_more_columns
D:2:      layout_basic, ebering_ecumenical_altar_box
D:3:      layout_basic, portal_sewer_entry_d, kennysheep_another_room,
          st_stairs_7, kennysheep_doodads, minmay_misc_feat_diagonals,
          minmay_misc_feat_tower, minmay_strange_pillars
D:4:      nicolae_cairo_tiling_large, layout_rooms,
          mainiacjoe_overflow_large_starburst, nicolae_tso_swordbearing_angel,
          kennysheep_cross_room, uniq_ijyb, uniq_duvessa, uniq_eustachio

Table legend: (Time is in decaauts)
 A = Elapsed time spent in this place.
 B = Non-inter-level travel time spent in this place.
 C = Inter-level travel time spent in this place.
 D = Time resting spent in this place.
 E = Time spent auto-exploring this place.
 F = Levels seen in this place.
 G = Mean time per level.
                   A        B        C        D        E       F      G
               +--------+--------+--------+--------+--------+-----+--------+
         Total |   3853 |   3815 |     38 |    534 |   2684 |   4 |  963.2 |
       Dungeon |   3853 |   3815 |     38 |    534 |   2684 |   4 |  963.2 |
               +--------+--------+--------+--------+--------+-----+--------+

Top non-repeatable levels by time:
     D:4: 1070 daAuts
     D:3: 948 daAuts
     D:1: 938 daAuts
     D:2: 895 daAuts

Table legend:
 A = Kills in this place as a percentage of kills in the entire game.
 B = Kills by you in this place as a percentage of kills by you in the entire game.
 C = Kills by friends in this place as a percentage of kills by friends in the entire game.
 D = Other kills in this place as a percentage of other kills in the entire game.
 E = Experience gained in this place as a percentage of experience gained in the entire game.
 F = Experience gained in this place divided by the number of levels of this place that you have seen.
                   A       B       C       D       E      F
               +-------+-------+-------+-------+-------+----------------------
         Total | 100.0 | 100.0 | 100.0 |   N/A | 100.0 |  86.0
       Dungeon | 100.0 | 100.0 | 100.0 |   N/A | 100.0 |  86.0
               +-------+-------+-------+-------+-------+----------------------
